 Dungeon Crawl Stone Soup version 0.19-a0-1216-g363869b (webtiles) character file.

5125 Ijustatesigmund the Sneak (level 10, -4/72 HPs)
             Began as an Octopode Wizard on Aug 23, 2016.
             Was an Initiate of Cheibriados.
             Killed from afar by a guardian serpent (18 damage)
             ... with a bolt of poison
             ... on level 9 of the Dungeon.
             The game lasted 01:04:42 (12837 turns).

Ijustatesigmund the Sneak (Octopode Wizard)        Turns: 12837, Time: 01:04:43

Health: -4/72      AC:  5    Str:  7    XL:     10   Next: 58%
Magic:  6/15       EV: 15    Int: 24    God:    Cheibriados [......]
Gold:   548        SH:  0    Dex: 13    Spells: 7 memorised, 1 level left

rFire  . . .     SeeInvis .     x - +4 short sword (elec)
rCold  . . .     Gourm    .     (no shield)
rNeg   . . .     Faith    .     a - +1 hat
rPois  .         Spirit   .     q - amulet of magic regeneration
rElec  .         Dismiss  .     j - +1 ring of protection
rCorr  .         Reflect  .     t - ring of wizardry
MR     .....     Harm     .     (no ring)
Stlth  +++++.....               (no ring)
                                (no ring)
                                (no ring)
                                (no ring)
                                (no ring)

@: lethally poisoned (-4 -> -13), slowed, repel missiles, very slow
A: almost no armour, amphibious, 8 rings, constrict 8, antennae 1, slimy green
scales 1, camouflage 1, robust 1, gelatinous body 1
a: Bend Time, Renounce Religion


You were on level 9 of the Dungeon.
You worshipped Cheibriados.
Cheibriados was noncommittal.
You were not hungry.

You visited 1 branch of the dungeon, and saw 9 of its levels.
You also visited: Bailey.

You collected 548 gold pieces.

Inventory:

Hand Weapons
 d - a +2 short sword
 x - a +4 short sword of electrocution (weapon)
Missiles
 e - 4 curare-tipped needles (quivered)
 n - a throwing net
 u - 47 tomahawks of returning
Armour
 a - a +1 hat (worn)
 g - a +0 shield
Jewellery
 h - an uncursed ring of ice
 j - a +1 ring of protection (left tentacle)
 q - an amulet of magic regeneration (around mantle)
 t - a ring of wizardry (right tentacle)
Wands
 l - a wand of iceblast (9/15)
 o - a wand of flame (35/48)
 r - a wand of flame (13/48)
Scrolls
 k - a scroll of remove curse
 w - a scroll of fog
Potions
 f - 3 potions of cure mutation
 v - a potion of flight {unknown}
 z - a potion of cancellation {unknown}
 A - 2 potions of might {unknown}
 C - a potion of magic {unknown}
 D - 5 potions of curing
 E - 2 potions of lignification {unknown}
Books
 b - a book of Minor Magic

   Spells                             Type                      Level
   a - Magic Dart                     Conjuration                  1
   b - Blink                          Translocation                2
   c - Call Imp                       Summoning                    2
   d - Repel Missiles                 Charms/Air                   2
   e - Slow                           Hexes                        2
   f - Conjure Flame                  Conjuration/Fire             3
   g - Mephitic Cloud                 Conjuration/Poison/Air       3
 i - a book of Conjurations

   Spells                             Type                      Level
   a - Magic Dart                     Conjuration                  1
   b - Searing Ray                    Conjuration                  2
   c - Dazzling Spray                 Conjuration/Hexes            3
   d - Fulminant Prism                Conjuration/Hexes            4
   e - Iskenderun's Mystic Blast      Conjuration                  4
   f - Iskenderun's Battlesphere      Conjuration/Charms           5
 p - a book of Maledictions

   Spells                             Type                      Level
   a - Corona                         Hexes                        1
   b - Ensorcelled Hibernation        Hexes/Ice                    2
   c - Confuse                        Hexes                        3
   d - Tukima's Dance                 Hexes                        3
   e - Dazzling Spray                 Conjuration/Hexes            3
 y - a book of Dreams

   Spells                             Type                      Level
   a - Ensorcelled Hibernation        Hexes/Ice                    2
   b - Silence                        Hexes/Air                    5
   c - Darkness                       Hexes                        6
   d - Shadow Creatures               Summoning                    6
Miscellaneous
 s - a crystal ball of energy
Comestibles
 c - 5 bread rations
 m - 2 meat rations
 B - 2 slices of pizza


   Skills:
 - Level 5.0 Fighting
 - Level 5.0 Short Blades
 - Level 4.0 Dodging
 - Level 6.5 Stealth
 - Level 3.5 Spellcasting
 - Level 6.4 Conjurations
 - Level 2.8 Hexes
   Level 1.0 Summonings
 - Level 1.0 Translocations
 - Level 3.0 Ice Magic
 - Level 5.4 Air Magic
 - Level 5.3 Poison Magic
 + Level 6.0 Invocations


You had one spell level left.
You knew the following spells:

 Your Spells              Type           Power        Failure   Level  Hunger
a - Magic Dart            Conj           ####         1%          1    None
b - Blink                 Tloc           N/A          4%          2    #......
c - Repel Missiles        Chrm/Air       ###...       2%          2    #......
d - Dazzling Spray        Conj/Hex       ####..       1%          3    ###....
e - Searing Ray           Conj           ####..       1%          2    #......
f - Ensorcelled Hibernat  Hex/Ice        ###...       2%          2    #......
g - Mephitic Cloud        Conj/Pois/Air  ####....     1%          3    ###....


Dungeon Overview and Level Annotations

Branches:
Dungeon (9/15)             Temple (0/1) D:4
   Lair: D:8-11         Orc: D:9-12

Altars:
Cheibriados
Gozag
Makhleb
Okawaru
Uskayaw
Vehumet
The Shining One

Annotations:
D:8 Coyotero's ghost, novice NaBe


Innate Abilities, Weirdness & Mutations

You cannot wear most types of armour.
You are amphibious.
You can wear up to eight rings at the same time.
You can use your tentacles to constrict eight enemies at once.
Your skin changes colour to match your surroundings (Stealth+).
Your rubbery body absorbs attacks. (AC +1, EV +1)
You have a pair of small antennae on your head.
You are partially covered in slimy green scales. (AC +2)
You are robust. (+10% HP)


Message History

The hound bites you but does no damage.
You barely miss the guardian serpent.
The guardian serpent is lightly wounded.
The guardian serpent casts a spell at you.
You feel as though you will be slow longer.
The hound bites you.
* * * LOW HITPOINT WARNING * * *
Casting: Blink
Confirm with . or Enter, or press ? or * to list all spells.
You blink.
Casting: Blink
Confirm with . or Enter, or press ? or * to list all spells.
You blink.
The guardian serpent is no longer moving slowly.
The guardian serpent coils itself and waves its upper body at you.
The bolt of poison misses you.
The guardian serpent coils itself and waves its upper body at you.
The bolt of poison hits you!
You are poisoned.
You die...

#?......##...........
#.....(.....##.(##.##
#...h.....#.##..##.#
#.........#.##..##.##
#...S.....#.##....#..
####...####.##.###.##
#...# #.##.# #.##
#...# #.##.# #.##
#@### #.##.# #.#>
#....# ### ####
#.##.# # #.# #.# #.#
... #.#


You could see a guardian serpent and a hound.

Vanquished Creatures
  An ugly thing (D:8)
  A guardian serpent (D:9)
  Grinder (D:6)
  A wyvern (D:8)
  9 yaks (D:9)
  Edmund (D:6)
  3 orc warriors
  An ice beast (D:9)
  2 sky beasts (D:5)
  A black bear (D:9)
  An ogre (D:8)
  4 centaurs
  A giant frog (D:7)
  A water moccasin zombie (D:6)
  2 scorpions
  3 wights (D:8)
  4 crimson imps
  5 hounds
  A quasit (D:8)
  4 orc priests
  A centaur skeleton (D:4)
  A centaur zombie (D:8)
  Crazy Yiuf (D:2)
  4 orc wizards
  Jessica (D:2)
  An iguana (D:6)
  Natasha (twice) (D:2)
  A hell rat (D:6)
  6 worker ants
  2 hound skeletons
  A mummy (D:9)
  2 gnolls
  2 howler monkey skeletons
  A worker ant zombie (D:8)
  10 adders
  3 river rats (D:6)
  An ooze (D:1)
  3 adder skeletons
  6 worms
  3 dart slugs
  3 giant geckos
  16 orcs
  A ball python (D:5)
  17 giant cockroaches
  11 goblins
  5 hobgoblins
  6 jackals
  5 quokkas
  6 bats
  2 giant gecko skeletons
  20 kobolds
  A quokka zombie (D:6)
  36 rats
228 creatures vanquished.

Notes
Turn   | Place    | Note
-------+----------+-------------------------------------------
     0 | D:1      | Ijustatesigmund the Octopode Wizard began the quest for the Orb.
     0 | D:1      | Reached XP level 1. HP: 11/11 MP: 4/4
   801 | D:1      | Reached XP level 2. HP: 17/17 MP: 6/6
   968 | D:1      | Learned a level 2 spell: Blink
   971 | D:1      | Learned a level 2 spell: Repel Missiles
  1404 | D:2      | Reached XP level 3. HP: 21/21 MP: 2/7
  1600 | D:1      | Reached skill level 1 in Short Blades
  1993 | D:2      | Found a burning altar of Makhleb.
  2007 | D:2      | Reached XP level 4. HP: 12/27 MP: 1/8
  2217 | D:2      | Noticed Natasha
  2276 | D:2      | Noticed Jessica
  2291 | D:2      | Killed Jessica
  2291 | D:2      | Reached skill level 1 in Fighting
  2454 | D:2      | Reached XP level 5. HP: 26/33 MP: 6/9
  2988 | D:2      | Learned a level 3 spell: Dazzling Spray
  3038 | D:2      | Learned a level 2 spell: Searing Ray
  3563 | D:3      | Found a hide-covered altar of Uskayaw.
  3563 | D:3      | Noticed a dagger
  3564 | D:3      | Noticed a dagger
  3687 | D:3      | Found an iron altar of Okawaru.
  3916 | D:3      | Reached skill level 1 in Hexes
  4450 | D:3      | Found a glowing golden altar of the Shining One.
  4664 | D:2      | Found a runed door.
  4740 | D:2      | Killed Natasha
  4740 | D:2      | Reached XP level 6. HP: 32/39 MP: 4/10
  4747 | D:2      | Noticed Natasha
  4750 | D:2      | Killed Natasha
  4875 | D:2      | Noticed Crazy Yiuf
  4879 | D:2      | Killed Crazy Yiuf
  5278 | D:4      | Found a staircase to the Ecumenical Temple.
  5835 | D:4      | Reached XP level 7. HP: 32/44 MP: 3/12
  5955 | D:4      | Learned a level 2 spell: Ensorcelled Hibernation
  6213 | D:5      | Entered Level 5 of the Dungeon
  6450 | D:5      | Reached skill level 1 in Ice Magic
  7116 | D:5      | Reached XP level 8. HP: 51/51 MP: 13/13
  7226 | D:5      | Gained mutation: You are clumsy. (Dex -2) [mutagenic meat]
  7226 | D:5      | Lost mutation: You are clumsy. (Dex -2) [potion of cure mutation]
  8151 | D:6      | Noticed Grinder
  8523 | D:7      | Found a flagged portal.
  8532 | Bailey   | Entered a bailey
  8583 | Bailey   | Noticed an orc warlord
  9059 | Bailey   | Reached skill level 5 in Stealth
  9225 | Bailey   | Noticed an orc knight
  9331 | Bailey   | Gained mutation: You have a pair of small antennae on your head. [potion of beneficial mutation]
  9607 | Bailey   | Found a runed gate.
  9607 | Bailey   | Found a runed gate.
  9607 | Bailey   | Found a runed gate.
  9669 | Bailey   | Gained mutation: You are partially covered in slimy green scales. (AC +2) [potion of beneficial mutation]
  9670 | Bailey   | Gained mutation: You are robust. (+10% HP) [potion of beneficial mutation]
  9736 | D:7      | Reached XP level 9. HP: 64/64 MP: 8/14
  9977 | D:6      | Reached skill level 5 in Short Blades
 10026 | D:6      | Reached skill level 5 in Fighting
 10354 | D:6      | Noticed Edmund
 10376 | D:6      | Killed Edmund
 10376 | D:6      | Reached skill level 5 in Conjurations
 10506 | D:6      | Killed Grinder
 10667 | D:8      | Learned a level 3 spell: Mephitic Cloud
 11038 | D:8      | Noticed a purple ugly thing
 11052 | D:8      | Killed a purple ugly thing
 11185 | D:8      | Found an opulent altar of Gozag.
 11497 | D:8      | Noticed Coyotero's ghost (novice NaBe)
 11613 | D:9      | Reached XP level 10. HP: 64/72 MP: 15/15
 11621 | D:9      | Reached skill level 5 in Air Magic
 11621 | D:9      | Reached skill level 5 in Poison Magic
 11920 | D:9      | Found a snail-covered altar of Cheibriados.
 11928 | D:9      | Became a worshipper of Cheibriados the Contemplative
 11953 | D:9      | Reached skill level 1 in Invocations
 12025 | D:9      | Found a radiant altar of Vehumet.
 12142 | D:9      | Noticed a guardian serpent
 12151 | D:9      | Killed a guardian serpent
 12526 | D:9      | Reached skill level 5 in Invocations
 12816 | D:9      | Noticed a guardian serpent
 12825 | D:9      | HP: 2/72 [guardian serpent (25)]
 12837 | D:9      | Killed from afar by a guardian serpent

Vault maps used:
D:1:      denvon_arrival_planthouse
D:2:      minmay_roachtagon, makhleb_heckhound_becter, uniq_natasha,
          uniq_jessica, uniq_crazy_yiuf_cottage
D:3:      dancing_weapons_uskayaw, lemuel_doored_altar,
          lemuel_coloured_pillars_altar
D:4:      first_bread
D:6:      lemuel_ratsnest, uniq_edmund, uniq_grinder
D:7:      enter_bailey_2
D:8:      amethyst_overflow_temple_binary, basic_altar
D:9:      nrook_guardian_serpent_snake_passage, lemuel_zombie_altar_yredelemnul,
          slow_altar_2, old_standard_altar, david_orc_4, serial_glass,
          glass_columns_c, glass_columns_c, glass_columns_a, glass_columns_b,
          glass_columns_c, glass_columns_a
Bailey:   bailey_axe_bossmonster_kennysheep, bailey

Skill      XL: |  1  2  3  4  5  6  7  8  9 10 |
---------------+-------------------------------+-----
Stealth        | 3 5 6 |  6.5
Conjurations   | 2 3 4 6 |  6.4
Short Blades   | 2 4 5 |  5.0
Fighting       | 1 2 4 5 |  5.0
Hexes          | 1 2 |  2.8
Ice Magic      | 3 |  3.0
Dodging        | 4 |  4.0
Air Magic      | 4 5 |  5.4
Poison Magic   | 4 5 |  5.3
Invocations    | 6 |  6.0
Spellcasting   | |  3.5
Summonings     | |  1.0
Translocations | |  1.0

Action                   |  1- 3 |  4- 6 |  7- 9 | 10-12 || total
-------------------------+-------+-------+-------+-------++-------
Melee: Unarmed           |    13 |       |       |       ||    13
       Constrict         |     9 |    18 |    21 |     2 ||    50
       Dagger            |    32 |    93 |    35 |       ||   160
       Tentacles         |     5 |    13 |    13 |     7 ||    38
       Short sword       |       |       |    95 |    44 ||   139
 Cast: Magic Dart        |    43 |   178 |   320 |     9 ||   550
       Repel Missiles    |     1 |     2 |     1 |     1 ||     5
       Searing Ray       |       |     5 |    13 |    11 ||    29
       Ensorcelled Hiber |       |       |    14 |     3 ||    17
       Dazzling Spray    |       |       |    16 |     2 ||    18
       Blink             |       |       |     6 |     4 ||    10
Invok: Bend Time         |       |       |       |     1 ||     1
Evoke: Wand              |       |       |     5 |       ||     5
  Use: Scroll            |     6 |     3 |    12 |     1 ||    22
       Potion            |       |     1 |     8 |     2 ||    11
 Stab: Sleeping          |     2 |     3 |     8 |     3 ||    16
       Invisible         |       |       |     4 |       ||     4
  Eat: Chunk             |     3 |     8 |     7 |     2 ||    20
       Royal jelly       |       |     2 |       |       ||     2
       Pizza             |       |       |     2 |     2 ||     4
       Beef jerky        |       |       |     4 |       ||     4
       Meat ration       |       |       |     1 |       ||     1
Armor: Skin              |     4 |    37 |    28 |     8 ||    77
Dodge: Dodged            |    32 |    65 |   134 |    47 ||   278
       Deflected         |     1 |     2 |     2 |       ||     5
